Match 24511842
Unlisted

Match 24511842
End
Construct Infanterie Kompanie
Kettenkrad Recon Vehicle
MG 42 Machine Gun Team
Selects Mechanized Battlegroup
Sniper
Construct Luftwaffe Kompanie
Jäger Squad
Jäger Squad
Support Elements
Selects Raid Package
Marder III M Tank Destroyer
Selects 8 Rad Armored Car
Marder III M Tank Destroyer
Pioneer Squad
Selects UNKNOWN (2160084)
Selects Mobile Repair Stations
Tacosaurus 666
marccan
SneaKerz
gb_gbg
0
0

Comments sign in to comment!

No comments posted yet!